 Dungeon Crawl Stone Soup version 0.31.0-11-ge490571c62 (webtiles) character file.

Game seed: 6203049610143818761

2355950 MiscastMaster the Acrobat (level 27, 174/174 HPs)
             Began as a Felid Conjurer on Jan 30, 2024.
             Was the Champion of Jiyva.
             Escaped with the Orb
             ... and 4 runes!
             The game lasted 03:11:06 (70365 turns).

MiscastMaster the Acrobat (Felid Conjurer)         Turns: 70365, Time: 03:11:06

Health: 174/174    AC: 10    Str:  4    XL:     27
Magic:  54/54      EV: 48    Int: 39    God:    Jiyva [******]
Gold:   53         SH:  0    Dex: 21    Spells: 19/60 levels left
                                        Lives:  2   Deaths: 7

rFire   + .          .
                       - Unarmed
rCold   + . .        (shield unavailable)
rNeg    . . .        (body armour unavailable)
rPois   .            (helmet unavailable)
rElec   +            (cloak unavailable)
rCorr   +            (gloves unavailable)
SInv    +            (boots unavailable)
Will    +++++        X - amulet "Qeosidd" {rElec Regen+ MP+9}
Stlth   ++           L - ring "Senuppimm" {EV+5 Int+6 SInv}
HPRegen 2.89/turn    I - ring of Gianweh {AC+4 Dex+2}
MPRegen 1.14/turn

%: no passive effects
@: maw-form
A: devouring maw, very small, claws 1, fangs 3, see invisible, shaggy fur 3,
stealthy paws, no weapons or thrown items, no armour, multi-lived, horns 3,
iridescent scales 1, clever 1, fire resistance 1, strong-willed 1, mutation
resistance 1, robust 1, gelatinous body 1, pseudopods 1, translucent skin 2
0: Orb of Zot
}: 4/15 runes: barnacled, slimy, silver, gossamer
a: Begin Untransformation, Renounce Religion, Oozemancy, Slimify


You escaped.
You worshipped Jiyva.
Jiyva was exalted by your worship.
You were a creature with a mouth for a stomach.
You visited 12 branches of the dungeon, and saw 56 of its levels.
You also visited: Bailey and Wizlab.

You collected 5506 gold pieces.
You spent 5453 gold pieces at shops.

Inventory:

Jewellery
 c - a ring of poison resistance
 f - the ring "Inazauha" {Ice rPois}
   (You took it off Josephina on level 1 of the Crypt)

   [ring of ice]

   Ice:       It enhances your ice magic.
   rF-:       It makes you vulnerable to fire.
   rC+:       It protects you from cold.
   rPois:     It protects you from poison
 r - a ring of positive energy
 H - a ring of protection from cold
 I - the ring of Gianweh (right paw) {AC+4 Dex+2}
   (You found it on level 11 of the Dungeon)

   [ring of protection]

   AC+4:      It affects your AC (+4).
   Dex+2:     It affects your dexterity (+2).
 L - the ring "Senuppimm" (left paw) {EV+5 Int+6 SInv}
   (You found it on level 2 of the Depths)

   [ring of evasion]

   EV+5:      It affects your evasion (+5).
   Int+6:     It affects your intelligence (+6).
   SInv:      It lets you see invisible.
 M - a ring of wizardry
 V - the ring "Azazi" {rF- rN+++ MP+9 Dex-4 SInv}
   (You took it off a spriggan berserker on level 2 of the Depths)

   [ring of see invisible]

   Dex-4:     It affects your dexterity (-4).
   rF-:       It makes you vulnerable to fire.
   rN+++:     It renders you almost immune to negative energy.
   MP+9:      It affects your magic capacity (+9).
   SInv:      It lets you see invisible.
 W - the ring "Qengeud" {rN+ Slay+4 SInv}
   (You took it off a deep elf sorcerer on level 3 of the Elven Halls)

   [ring of slaying]

   Slay+4:    It affects your accuracy & damage with ranged weapons and melee
   (+4).
   rN+:       It protects you from negative energy.
   SInv:      It lets you see invisible.
 X - the amulet "Qeosidd" (around neck) {rElec Regen+ MP+9}
   (You took it off a deep elf annihilator on level 3 of the Elven Halls)

   [amulet of regeneration]

   rElec:     It insulates you from electricity.
   MP+9:      It affects your magic capacity (+9).
   Regen+:    It increases your rate of health regeneration.
Talismans
 l - a storm talisman
 N - a maw talisman (active)
Wands
 D - a wand of mindburst (25)
 E - a wand of charming (29)
 G - a wand of digging (13)
 O - a wand of polymorph (26)
 P - a wand of roots (16)
 Q - a wand of flame (56)
 Y - a wand of light (14)
Scrolls
 b - 8 scrolls of enchant weapon
 d - 16 scrolls of identify
 g - 5 scrolls of fog
 n - 6 scrolls of torment
 o - 5 scrolls of immolation
 p - 5 scrolls of brand weapon
 s - 5 scrolls of poison
 t - 4 scrolls of teleportation
 u - a scroll of summoning
 v - 2 scrolls of vulnerability
 w - 2 scrolls of revelation
 y - 7 scrolls of enchant armour
 Z - 8 scrolls of amnesia
Potions
 a - 2 potions of resistance {unknown}
 e - 3 potions of haste
 h - 6 potions of heal wounds
 i - 5 potions of invisibility
 j - 8 potions of brilliance
 k - 4 potions of might
 m - 3 potions of enlightenment
 q - 6 potions of curing
 x - 3 potions of ambrosia
 z - 3 potions of magic
 C - 2 potions of cancellation
 J - 6 potions of lignification {unknown}
 K - 6 potions of mutation {unknown}
 S - 4 potions of berserk rage
 U - 4 potions of attraction
Miscellaneous
 B - a box of beasts
 F - a phial of floods
 T - a tin of tremorstones (2/2)


   Skills:
 - Level 21.1 Fighting
 - Level 25.3 Dodging
 - Level 10.0 Stealth
 - Level 22.6 Unarmed Combat
 - Level 17.0 Spellcasting
 - Level 10.0 Conjurations
 - Level 8.0 Hexes
 - Level 18.0 Summonings
 - Level 12.0 Translocations
 - Level 4.0 Earth Magic
 + Level 22.3 Shapeshifting


You had 19 spell levels left.
You knew the following spells:

 Your Spells              Type           Power      Damage    Failure   Level
a - Magic Dart            Conj           100%       1d8       0%          1
b - Summon Ice Beast      Ice/Summ       80%        N/A       1%          3
c - Bombard               Conj/Erth      36%        9d6       8%          6
f - Summon Forest         Summ/Tloc      50%        N/A       1%          5
g - Malign Gateway        Summ/Tloc      50%        N/A       1%          7
m - Monstrous Menagerie   Summ           54%        N/A       1%          7
s - Summon Mana Viper     Hex/Summ       94%        N/A       1%          5
S - Spellforged Servitor  Conj/Summ      48%        N/A       2%          7

Your spell library contained the following spells:

 Spells                   Type           Power      Damage    Failure   Level
 Apportation              Tloc           100%       N/A       0%          1
 Summon Small Mammal      Summ           100%       N/A       0%          1
 Lesser Beckoning         Tloc           100%       N/A       0%          2
 Momentum Strike          Conj/Tloc      100%       3d10      0%          2
 Call Canine Familiar     Summ           100%       N/A       0%          3
 Foxfire                  Conj/Fire      100%       2x1d9     1%          1
 Freeze                   Ice            100%       1d10      1%          1
 Kiss of Death            Conj/Necr      100%       2d13      1%          1
 Necrotise                Necr           100%       1d9       1%          1
 Sandblast                Erth           100%       2d20      1%          1
 Sting                    Conj/Alch      100%       1d9       1%          1
 Cigotuvi's Dreadful Rot  Necr/Alch/Air  66%        N/A       1%          2
 Ensorcelled Hibernation  Hex/Ice        100%       N/A       1%          2
 Jinxbite                 Hex            100%       N/A       1%          2
 Mercury Vapours          Alch/Air       66%        N/A       1%          2
 Scorch                   Fire           66%        2d7       1%          2
 Searing Ray              Conj           100%       2d8       1%          2
 Static Discharge         Conj/Air       100%       3-8/arc   1%          2
 Dazzling Flash           Conj/Hex       100%       N/A       1%          3
 Gell's Gravitas          Tloc           91%        N/A       1%          3
 Hailstorm                Conj/Ice       64%        3d12      1%          3
 Inner Flame              Hex/Fire       59%        N/A       1%          3
 Mephitic Cloud           Conj/Alch/Air  56%        N/A       1%          3
 Passwall                 Erth           59%        N/A       1%          3
 Sigil of Binding         Hex            77%        N/A       1%          3
 Stone Arrow              Conj/Erth      100%       3d13      1%          3
 Teleport Other           Tloc           91%        N/A       1%          3
 Tukima's Dance           Hex            77%        N/A       1%          3
 Volatile Blastmotes      Fire/Tloc      100%       2d18      1%          3
 Anguish                  Hex/Necr       29%        N/A       1%          4
 Brom's Barrelling Bould  Conj/Erth      73%        2d9       1%          4
 Flame Wave               Conj/Fire      64%        2d15      1%          4
 Fulminant Prism          Conj/Alch      32%        3d16      1%          4
 Iskenderun's Mystic Bla  Conj/Tloc      87%        2d17      1%          4
 Manifold Assault         Tloc           91%        N/A       1%          4
 Martyr's Knell           Necr/Summ      80%        N/A       1%          4
 Summon Blazeheart Golem  Fire/Summ      80%        N/A       1%          4
 Summon Lightning Spire   Summ/Air       80%        N/A       1%          4
 Iskenderun's Battlesphe  Conj           84%        2d13      1%          5
 Summon Cactus Giant      Summ           54%        N/A       1%          6
 Frozen Ramparts          Ice            66%        1d10      2%          3
 Fugue of the Fallen      Necr           33%        N/A       2%          3
 Ozocubu's Armour         Ice            33%        N/A       2%          3
 Vampiric Draining        Necr           33%        2d8       2%          3
 Irradiate                Conj/Alch      32%        3d22      3%          5
 Leda's Liquefaction      Alch/Erth      24%        N/A       4%          4
 Metabolic Englaciation   Hex/Ice        29%        N/A       4%          5
 Silence                  Hex/Air        29%        N/A       4%          5
 Airstrike                Air            16%        2d(3-19)  9%          4
 Animate Dead             Necr           33%        N/A       9%          4
 Dispel Undead            Necr           33%        3d14      9%          4
 Olgreb's Toxic Radiance  Alch           33%        N/A       9%          4
 Borgnjor's Vile Clutch   Necr/Erth      24%        N/A       11%         5
 Conjure Ball Lightning   Conj/Air       32%        3x3d10    19%         6
 Starburst                Conj/Fire      32%        6d10      19%         6
 Alistair's Intoxication  Alch           22%        N/A       26%         5
 Curse of Agony           Necr           33%        N/A       26%         5
 Disjunction              Tloc           45%        N/A       41%         8
 Death Channel            Necr           16%        N/A       80%         6
 Plasma Beam              Fire/Air       16%        2x1d28    80%         6
 Discord                  Hex            38%        N/A       92%         8
 Ozocubu's Refrigeration  Ice            16%        4d11      100%        7
 Ignition                 Fire           16%        3d7       100%        8
 Maxwell's Capacitive Co  Air            16%        ∞         100%        8
 Death's Door             Necr           16%        N/A       100%        9
 Fire Storm               Conj/Fire      32%        8d8       100%        9
 Dimensional Bullseye     Hex/Tloc       Unusable   N/A       N/A         4

Dungeon Overview and Level Annotations

Branches:
Dungeon (15/15)            Temple (1/1) D:6            Lair (5/5) D:8
 Shoals (4/4) Lair:3       Spider (4/4) Lair:3        Slime (5/5) Lair:5
    Orc (2/2) D:11            Elf (3/3) Orc:2        Vaults (5/5) D:13
  Crypt (3/3) Vaults:2       Tomb (0/3) Crypt:3      Depths (4/4) D:15
    Zot (5/5) Depths:4     Bailey (visited)          WizLab (visited)

Altars:
Ashenzari
Cheibriados
Dithmenos
Elyvilon
Fedhas
Gozag
Hepliaklqana
Kikubaaqudgha
Makhleb
Nemelex Xobeh
Okawaru
Qazlal
Ru
Sif Muna
Trog
Uskayaw
Vehumet
Wu Jian
Xom
Yredelemnul
Zin
The Shining One
Jiyva

Shops:
D:4 :   D:7 :([   D:11 (   Orc:2 (=?*:   Elf:2 =   Shoals:2 *   Shoals:3 !(
Vaults:1 [   Vaults:2 ?   Vaults:5 ?!??!(   Zot:5 *   Depths:1 :   Depths:4 !

Portals:
Hell: Depths:1 Depths:2 Depths:3 Depths:4
Abyss: Depths:1 Depths:3
Pandemonium: Depths:1 Depths:2
Ziggurat: Depths:4

Annotations:
Slime:5 Royal Jelly


Innate Abilities, Weirdness & Mutations

You are a creature with a mouth for a stomach.
Your midsection houses a second, enormous mouth.
You have sharp claws.
You have razor-sharp teeth.
You have supernaturally acute eyesight. (SInv)
Your thick and shaggy fur keeps you warm. (AC +3, rC+)
Your paws help you pounce on unaware monsters.
You are incapable of wielding weapons or throwing items.
You cannot wear armour.
You gain extra lives every three experience levels.
You have a pair of large horns on your head.
You are partially covered in iridescent scales. (AC +2)
Your mind is acute. (Int +4, Str/Dex -1)
Your flesh is heat resistant. (rF+)
You are strong-willed. (Will+)
You are somewhat resistant to further mutation.
You are robust. (+10% HP)
Your rubbery body absorbs attacks. (AC +1, EV +1)
Armour fits poorly on your pseudopods.
Your translucent skin reduces your foes' accuracy. (Stealth+)


Message History

No target in view!
You swap places.
You hear a distant slurping noise.
A Brimstone Fiend comes into view.
You buffet the Brimstone Fiend!
The Brimstone Fiend is lightly wounded.
You blast the Brimstone Fiend!!!
Lightning courses through the Brimstone Fiend!
You punch the Brimstone Fiend, but do no damage.
The Brimstone Fiend is severely wounded.
The Brimstone Fiend gestures at you.
The sphere of damnation explodes!
The damnation engulfs you!!!
You shudder from the blast and a jelly pops out!
The damnation engulfs the Brimstone Fiend.
The Brimstone Fiend completely resists.
The damnation engulfs your azure jelly!!!
You batter the Brimstone Fiend!!
The Brimstone Fiend is almost dead.
You buffet the Brimstone Fiend!
Lightning courses through the Brimstone Fiend!
You kill the Brimstone Fiend!
A glowing orange brain comes into view.
The glowing orange brain trembles before you.
You swap places.
There is a stone staircase leading up here.
You fly upwards.
Your summoned allies are left behind.
There is a stone staircase leading down here.
HP restored.
There is a stone staircase leading up here.
You fly upwards.
There is a stone staircase leading down here.
You see here 6 stones.
You reach down and open the door.
There is an open door here.
There is a staircase leading out of the dungeon here.
You begin transforming.
You continue transforming. x3
Your transformation has ended.
HP restored.
You turn into a creature with a mouth for a stomach.
You have escaped!

...#######..###.## ...# #..##
#..# ...# #.## ##'# ...# #.# ##.#
#### #.# ##..# ##.# ##...#
###..###....## ###########
##...###......#####..........
#####..####.....W.....'.#########
..#.......##......#####.#......#
#.†.......###....## #.#.####.#
#.........# ##...# #.#....#.#
...######## ##..# #.######.#
#.######### ##.# #........#
#.#.......######'################
#.............(.............[....
###...........###################


There were no monsters in sight!

Vanquished Creatures
  A dread lich (Zot:4)
  3 orbs of fire
  4 ancient liches
  Mennas (Vaults:2)
  A juggernaut (Depths:4)
  Xtahua (Vaults:4)
  3 Killer Klowns
  10 golden dragons
  A bone dragon (Depths:4)
  2 electric golems (Zot:5)
  A doom hound (Crypt:3)
  A Brimstone Fiend (D:3)
  14 Orb Guardians
  A Hell Sentinel (D:3)
  6 liches
  9 tentacled monstrosities
  2 walking divine tomes
  2 titans
  6 quicksilver dragons
  A sphinx (Vaults:5)
  5 death cobs
  An ancient champion (Crypt:2)
  6 tengu reavers
  6 shadow dragons
  A revenant (Crypt:2)
  7 storm dragons
  4 draconian knights
  3 draconian monks
  3 fire giants
  9 frost giants
  13 vault wardens
  3 draconian scorchers
  A deep elf sorcerer (Elf:3)
  8 ghost moths
  A demonspawn corrupter (Depths:3)
  2 draconian shifters (Zot:1)
  A draconian stormcaller (Zot:4)
  2 draconian annihilators
  2 orc warlords
  A reaper (D:13)
  2 curse skulls
  A spriggan defender (Depths:2)
  A broodmother (Spider:3)
  6 very ugly things
  11 stone giants
  5 ironbound preservers
  2 ironbound thunderhulks
  A demonspawn black sun (Depths:3)
  9 dire elephants
  7 black draconians
  3 green draconians
  A deep elf annihilator (Vaults:5)
  7 purple draconians
  A war gargoyle (Vaults:5)
  3 vampire knights
  7 yellow draconians
  6 spark wasps
  10 white draconians
  An eidolon (Crypt:3)
  4 crystal guardians
  14 red draconians
  10 ettins
  A mummy priest (Crypt:3)
  A jiangshi (Crypt:1)
  7 fire dragons
  5 yaktaur captains
  A hydra (Lair:5)
  2 ice dragons
  2 rakshasas
  11 vault guards
  3 spriggan air magi
  2 jorogumos
  5 centaur warriors
  A peacekeeper (Vaults:2)
  3 ironbound frosthearts
  A merfolk avatar (Shoals:4)
  An ogre mage (Orc:2)
  5 dancing weapons
  A death yak (Lair:3)
  2 boulder beetles
  A two-headed ogre (Vaults:4)
  A death knight (Crypt:1)
  5 deep troll earth magi
  2 deep troll shamans
  A torpor snail (shapeshifter) (Elf:3)
  4 tengu warriors
  2 occultists
  A spriggan berserker (Depths:2)
  4 vampire magi
  7 hell knights
  An emperor scorpion zombie (Crypt:3)
  2 spriggans (Depths:3)
  4 deep elf knights
  3 iron trolls
  2 skeletal warriors
  A death drake (Zot:3)
  A sixfirhy (D:15)
  3 flayed ghosts
  2 shadow demons
  6 lindwurms
  8 deep trolls
  3 arcanists
  A harpy (Vaults:1)
  3 ironbound convokers
  2 orc knights
  A deep elf archer (Elf:3)
  6 deep elf pyromancers
  4 deep elf zephyrmancers
  6 phantasmal warriors
  A steelbarb worm (Spider:4)
  19 ugly things
  A wolf spider (Spider:1)
  9 moths of wrath
  7 nameless horrors
  An elephant (Lair:3)
  A black mamba (shapeshifter) (Elf:2)
  5 vault sentinels
  Joseph (D:7)
  A black mamba (Lair:1)
  A cane toad (Lair:1)
  A smoke demon (Depths:4)
  10 yaktaurs
  A kobold demonologist (D:8)
  A komodo dragon (Lair:3)
  2 freezing wraiths
  4 guardian mummies (Crypt:3)
  A red devil (D:7)
  A hydra zombie (Crypt:1)
  7 blink frogs (Lair:3)
  A harpy zombie (Crypt:3)
  5 hornets
  3 tarantellas
  A dream sheep (Lair:3)
  An air elemental (Elf:3)
  3 jumping spiders
  2 fire elementals
  A shadow (D:10)
  A wraith (Crypt:1)
  2 wyverns (Lair:3)
  An ushabti (Crypt:3)
  2 water elementals (Elf:2)
  Eustachio (D:4)
  4 yaks
  2 redbacks (Spider:4)
  An ice beast (D:5)
  A black bear (D:4)
  A faun skeleton (Crypt:3)
  A black bear (shapeshifter) (Elf:3)
  2 sky beasts
  A small abomination (D:8)
  A hog zombie (Crypt:3)
  A wolf (Lair:5)
  8 laughing skulls
  3 ogres
  A dream sheep skeleton (Crypt:2)
  A kobold brigand (Bailey)
  2 phantoms (D:5)
  A yaktaur zombie (Crypt:3)
  9 bullfrogs
  Blork the orc (D:5)
  An earth elemental (Elf:2)
  2 scorpions
  8 wights
  A howler monkey (D:5)
  An electric eel (D:14)
  2 bombardier beetles
  3 hounds
  An orc priest (D:5)
  Jessica (D:2)
  An iguana (D:4)
  5 orc wizards
  3 mummies (Crypt:3)
  3 adders
  7 gnolls
  A swamp drake zombie (Crypt:1)
  3 shadow imps
  2 white imps
  2 dart slugs (D:2)
  2 ribbon worms
  18 orcs
  5 ball pythons
  8 bats
  A bat zombie (Crypt:3)
  7 endoplasms
  A giant cockroach (D:1)
  3 goblins (D:1)
  6 hobgoblins
  4 jackals (D:4)
  6 quokkas
  A frilled lizard (D:1)
  9 kobolds
  2 rats
662 creatures vanquished.

Vanquished Creatures (collateral kills)
  Khufu (Crypt:1)
  4 ancient liches
  4 dread liches
  Mara (Spider:4)
  2 juggernauts
  Josephina (Crypt:1)
  5 royal mummies
  Boris (Vaults:5)
  Margery (Vaults:3)
  Bai Suzhen (Vaults:4)
  Saint Roka (Orc:2)
  A Killer Klown (Zot:2)
  A caustic shrike (Depths:2)
  2 curse toes
  11 golden dragons
  Nikola (Elf:3)
  Jory (Crypt:1)
  A bone dragon (Depths:4)
  Arachne (Spider:4)
  2 doom hounds (Crypt:3)
  A hellephant (Vaults:3)
  19 tentacled monstrosities
  A walking earthen tome (WizLab)
  Mlioglotl (Spider:2)
  2 walking crystal tomes
  13 Orb Guardians (Zot:5)
  A lich (Depths:2)
  3 titans
  Grunn (Crypt:3)
  2 deep elf master archers (Elf:3)
  Asterion (Spider:4)
  A quicksilver dragon (Zot:2)
  3 deep elf blademasters
  A kraken (Shoals:2)
  7 sphinxes
  An eldritch tentacle (Vaults:2)
  6 death cobs
  3 tengu reavers
  2 shadow dragons
  Kirke (Elf:1)
  Aizul (Shoals:1)
  3 storm dragons
  The ghost of Witt the Fighter, an adept GrFi of Ashenzari (Shoals:2)
  2 draconian knights (Zot:2)
  12 fire giants
  3 draconian monks
  Donald (Orc:2)
  2 revenants
  10 vault wardens
  10 frost giants
  A daeva (Shoals:4)
  2 iron dragons
  9 emperor scorpions
  A draconian shifter (Zot:2)
  2 ghost moths
  7 deep elf sorcerers
  3 deep elf elementalists (Elf:3)
  6 draconian scorchers
  A curse skull (Crypt:1)
  A cacodemon (Depths:1)
  6 ghouls
  The ghost of Cumomo the Carver, an adept SpEn of Kikubaaqudgha (Spider:3)
  12 very ugly things
  4 draconian stormcallers
  A reaper (Crypt:3)
  An orc warlord (Vaults:2)
  12 ironbound preservers
  2 broodmothers
  15 stone giants
  10 draconian annihilators
  10 green draconians
  2 spriggan defenders
  10 deep elf death magi
  3 vampire knights
  2 ironbound thunderhulks
  6 deep elf demonologists
  Nessos (Orc:2)
  9 yellow draconians
  6 red draconians
  7 deep elf annihilators (Elf:3)
  2 war gargoyles
  Azrael (Elf:1)
  7 purple draconians
  6 dire elephants (Vaults:1)
  8 black draconians
  7 spark wasps
  3 eidola
  8 white draconians
  12 ettins
  5 jiangshi
  A crystal guardian (Depths:2)
  5 mummy priests (Crypt:3)
  3 deep elf high priests
  3 entropy weavers
  7 merfolk javelineers (Shoals:4)
  A quicksilver dragon zombie (Crypt:3)
  The ghost of dakkaduck the Severer, a journeyman MiBe of Trog (D:11)
  The ghost of Farlane the Grappler, a journeyman TrSh of Trog (D:11)
  Fannar (Lair:2)
  8 fire dragons
  7 merfolk impalers
  An elf zombie (Crypt:3)
  5 yaktaur captains
  27 vault guards
  8 rakshasas
  The ghost of MirrMurr the Spear-Bearer, a journeyman DsBe of Trog (Lair:2)
  8 ice dragons
  A merfolk avatar (Shoals:1)
  An alligator snapping turtle (Shoals:3)
  11 centaur warriors
  4 ironbound frosthearts
  A catoblepas (D:15)
  4 ogre magi
  3 radroaches
  2 death knights
  6 hydras
  5 spriggan air magi
  17 two-headed ogres
  9 merfolk aquamancers
  4 tengu warriors
  25 dancing weapons
  3 jorogumos
  2 death scarabs
  6 satyrs
  5 death yaks
  8 demonic crawlers
  4 spriggan berserkers
  6 deep troll earth magi
  4 boulder beetles
  A bennu skeleton (Crypt:3)
  3 occultists
  4 vampire magi
  A titan zombie (Crypt:1)
  2 orc high priests
  Urug (D:10)
  A sun demon (Depths:1)
  A soul eater (Crypt:1)
  A shadow wraith (Vaults:5)
  12 deep elf knights
  2 hell knights (Vaults:3)
  7 skysharks
  11 skeletal warriors
  17 nameless horrors
  3 iron trolls
  2 cherubim (Shoals:4)
  50 deep trolls
  A flayed ghost (Depths:1)
  6 pharaoh ants
  7 sea snakes
  An obsidian statue (Zot:5)
  Pikel (D:9)
  12 arcanists
  A spriggan simulacrum (Crypt:1)
  5 lindwurms
  8 orb spiders
  4 deep elf archers
  16 ironbound convokers
  6 bog bodies
  9 steelbarb worms
  11 orc knights
  16 harpies
  6 phantasmal warriors
  18 deep elf zephyrmancers
  32 deep elf pyromancers
  4 necromancers
  3 orc sorcerers
  2 oklob plants
  A wolf spider zombie (D:13)
  43 ugly things
  A fire giant zombie (Crypt:1)
  11 cyclopes
  12 manticores
  11 wolf spiders
  30 fauns
  2 centaur zombies (D:13)
  6 meliai
  19 elephants
  26 moths of wrath
  2 black mambas
  3 ice statues
  11 merfolk sirens
  3 torpor snails
  11 vault sentinels
  5 water nymphs
  19 cane toads
  An unseen horror (D:10)
  A yaktaur (shapeshifter) (D:13)
  A pale draconian skeleton (Crypt:1)
  3 rime drakes
  A kobold demonologist (D:13)
  An efreet (D:14)
  2 redback zombies
  2 catoblepas zombies
  22 guardian mummies (Crypt:3)
  7 freezing wraiths
  A white draconian skeleton (Crypt:2)
  5 tengu conjurers
  13 komodo dragons
  22 yaktaurs
  Psyche (D:10)
  A golden dragon simulacrum (Crypt:1)
  10 trolls
  A queen bee (shapeshifter) (D:15)
  26 merfolk
  24 tarantellas
  10 hornets
  2 polar bears (Lair:5)
  18 dream sheep
  23 blink frogs
  14 snapping turtles
  6 wind drakes
  A guardian serpent zombie (Crypt:2)
  A centaur simulacrum (D:15)
  16 culicivoras
  A spriggan (shapeshifter) (D:13)
  A dire elephant simulacrum (Crypt:3)
  15 spriggans
  3 vampires
  18 jumping spiders
  4 air elementals
  3 shadows (D:13)
  8 ushabtiu (Crypt:3)
  25 water elementals
  9 wraiths
  A wyvern (shapeshifter) (D:13)
  4 wyverns
  5 fire elementals
  2 wargs
  50 yaks
  9 basilisks
  31 redbacks
  A steam dragon (D:7)
  3 hogs (Elf:1)
  12 vampire mosquitoes
  18 water moccasins
  2 hell hounds (Elf:1)
  21 orc warriors
  An ice beast (D:6)
  6 black bears
  4 boggarts (Lair:5)
  27 ogres
  22 wolves
  A manticore zombie (Crypt:3)
  A tengu (shapeshifter) (D:14)
  14 laughing skulls
  6 centaurs
  A hog zombie (Crypt:2)
  A lemure (D:9)
  8 weeping skulls (Crypt:3)
  6 kobold brigands
  An earth elemental (Elf:2)
  2 gnoll sergeants
  8 bullfrogs
  2 scorpions (Lair:3)
  A naga simulacrum (Crypt:3)
  19 wights
  3 killer bees (D:6)
  4 howler monkeys
  2 electric eels (D:14)
  9 jellies (Lair:1)
  4 orc priests
  A gnoll bouda (D:9)
  4 orc wizards
  An ice beast zombie (Crypt:1)
  8 mummies (Crypt:3)
  13 gnolls
  A swamp drake zombie (Crypt:2)
  A steam dragon skeleton (Crypt:3)
  A shadow imp (D:6)
  2 white imps
  42 orcs
  10 endoplasms (Lair:1)
  A goblin zombie (Crypt:1)
  A hobgoblin skeleton (Crypt:1)
  12 kobolds
  A river rat skeleton (Crypt:2)
  2 butterflies (Lair:2)
  A snaplasher vine (Spider:2)
  2 spectral weapons (Spider:4)
  3 tentacles (Shoals:2)
1835 creatures vanquished.

Vanquished Creatures (others)
  An ancient lich (Zot:5)
  74 eldritch tentacles
  A strange machine (WizLab)
  A frost giant (Depths:1)
  2 draconian knights
  An ironbound preserver (Vaults:3)
  2 formless jellyfish (Vaults:2)
  A very ugly thing (Vaults:5)
  A deep elf demonologist (Elf:3)
  A merfolk impaler (Shoals:4)
  An ettin (Vaults:4)
  3 great orbs of eyes
  A fire dragon (Depths:2)
  2 yaktaur captains
  An ice dragon (Depths:4)
  A spriggan air mage (Depths:2)
  An ogre mage (Vaults:3)
  A vampire mage (Depths:4)
  A tengu warrior (D:14)
  3 glowing orange brains
  A pharaoh ant (Spider:2)
  A death drake (shapeshifter) (Vaults:5)
  An arcanist (Vaults:3)
  A spriggan simulacrum (Crypt:1)
  A deep troll (Vaults:2)
  A harpy (Vaults:1)
  2 deep elf pyromancers
  2 ironbound convokers
  An orc knight (Vaults:2)
  4 ugly things (Vaults:3)
  A shining eye (shapeshifter) (Vaults:5)
  A moth of wrath (Zot:5)
  3 vault sentinels
  A komodo dragon (D:12)
  An efreet (D:13)
  A tengu conjurer (Depths:2)
  A bunyip simulacrum (Crypt:1)
  3 yaktaurs (Vaults:1)
  A merfolk (shapeshifter) (Depths:2)
  2 glass eyes
  A dream sheep (shapeshifter) (Elf:3)
  A dream sheep (Shoals:3)
  A meliai zombie (D:13)
  34 slime creatures
  A water elemental (Elf:3)
  A nameless horror (D:12)
  A yak (Lair:5)
  An ushabti (Crypt:3)
  A vampire mosquito (D:12)
  A hydra simulacrum (Crypt:1)
  An acid dragon (D:12)
  2 laughing skulls (Crypt:2)
  A tengu (shapeshifter) (Depths:2)
  A boggart (Vaults:1)
  A weeping skull (Crypt:3)
  A brain worm (shapeshifter) (Vaults:5)
  A wolf zombie (Crypt:1)
  383 jellies
  An acid dragon skeleton (Crypt:2)
  A bat zombie (Crypt:3)
  A kobold zombie (Crypt:2)
  93 snaplasher vines
  5 tentacles (Shoals:2)
665 creatures vanquished.

Grand Total: 3162 creatures vanquished

Notes
Turn   | Place    | Note
-------+----------+-------------------------------------------
     0 | D:1      | MiscastMaster the Felid Conjurer began the quest for the
                  | Orb.
     0 | D:1      | Reached XP level 1. HP: 9/9 MP: 4/4
   197 | D:1      | Reached XP level 2. HP: 13/13 MP: 3/6
   905 | D:2      | Noticed Jessica
   909 | D:2      | Killed Jessica
   910 | D:2      | Reached XP level 3. HP: 16/16 MP: 2/8
  1590 | D:3      | Found a shadowy altar of Dithmenos.
  1705 | D:3      | Reached XP level 4. HP: 21/21 MP: 7/10
  1705 | D:3      | Gained a life (2 lives remaining)
  1944 | D:3      | Noticed a scorpion
  1951 | D:3      | Killed a scorpion
  2254 | D:4      | Reached XP level 5. HP: 21/24 MP: 0/13
  2472 | D:4      | Reached skill level 5 in Spellcasting
  2633 | D:4      | Mangled by a wight
  2633 | D:4      | Lost a life (1 life remaining)
  2649 | D:4      | Found Tequl's Tremendous Tomes.
  2822 | D:4      | Gained mutation: You are covered in thick fur. (AC +2)
                  | [Felid growth]
  2822 | D:4      | Reached XP level 6. HP: 22/28 MP: 5/15
  2985 | D:4      | Noticed Eustachio
  2993 | D:4      | Killed Eustachio
  2994 | D:4      | Reached skill level 1 in Fighting
  2994 | D:4      | Reached skill level 3 in Dodging
  2998 | D:4      | Reached XP level 7. HP: 33/33 MP: 9/17
  2998 | D:4      | Gained a life (2 lives remaining)
  3154 | D:4      | Slain by a wight
  3154 | D:4      | Lost a life (1 life remaining)
  3209 | D:4      | Reached skill level 4 in Dodging
  3435 | D:4      | Learned a level 3 spell: Summon Ice Beast
  3436 | D:5      | Entered Level 5 of the Dungeon
  3459 | D:5      | Noticed Blork the orc
  3528 | D:5      | Killed Blork the orc
  3529 | D:5      | Reached skill level 1 in Summonings
  4097 | D:4      | Reached XP level 8. HP: 36/39 MP: 13/19
  4582 | D:5      | Found a blossoming altar of Fedhas.
  4729 | D:6      | Found a broken altar of Ashenzari.
  4916 | D:6      | Reached skill level 5 in Summonings
  4950 | D:6      | Slain by a wight
  4950 | D:6      | Lost a life (0 lives remaining)
  5622 | D:6      | Reached XP level 9. HP: 42/42 MP: 9/21
  5748 | D:5      | Learned a level 5 spell: Summon Mana Viper
  6071 | D:6      | Found a staircase to the Ecumenical Temple.
  6078 | Temple   | Entered the Ecumenical Temple
  6102 | Temple   | Became a worshipper of Elyvilon the Healer
  6301 | D:6      | Reached skill level 1 in Hexes
  6345 | D:7      | Found Fylitz's Antique Weapon Shoppe.
  6645 | D:7      | Found Saupo Tuno's Book Shop.
  6713 | D:7      | Found Kiaxamm's Armour Shop.
  6720 | D:7      | Noticed Joseph
  6762 | D:7      | Killed Joseph
  7021 | D:7      | Reached skill level 5 in Hexes
  7212 | D:7      | Reached * piety under Elyvilon
  8060 | D:8      | Reached ** piety under Elyvilon
  8060 | D:8      | Found the +5 woodcutter's axe
  8135 | D:8      | Found a staircase to the Lair.
  8143 | D:8      | Reached XP level 10. HP: 46/46 MP: 14/23
  8143 | D:8      | Gained a life (1 life remaining)
  8341 | D:8      | Found a flagged portal.
  8368 | Bailey   | Entered a bailey
  8811 | Bailey   | Found a burning altar of Makhleb.
  9351 | D:9      | Noticed Pikel
  9357 | D:9      | Killed Pikel
  9497 | D:9      | Reached skill level 10 in Spellcasting
  9518 | D:9      | Reached skill level 10 in Summonings
  9750 | D:9      | Reached *** piety under Elyvilon
  9903 | D:9      | Reached XP level 11. HP: 50/50 MP: 18/26
 10486 | D:10     | Entered Level 10 of the Dungeon
 10492 | D:10     | Found a glowing golden altar of the Shining One.
 10533 | D:10     | Noticed Psyche
 10540 | D:10     | Killed Psyche
 10595 | D:10     | Noticed Urug
 10612 | D:10     | Killed Urug
 10770 | D:10     | Reached **** piety under Elyvilon
 10865 | D:10     | Noticed a two-headed ogre
 10875 | D:10     | Killed a two-headed ogre
 11421 | D:10     | Noticed a two-headed ogre
 11432 | D:10     | Killed a two-headed ogre
 11563 | D:11     | Noticed a boulder beetle
 11577 | D:11     | Killed a boulder beetle
 11703 | D:11     | Reached skill level 5 in Stealth
 11787 | D:11     | Noticed a brown ugly thing
 11796 | D:11     | Killed a brown ugly thing
 11849 | D:11     | Reached skill level 5 in Dodging
 12001 | D:11     | Found Qusaody's Weapon Emporium.
 12133 | D:11     | Noticed a two-headed ogre
 12143 | D:11     | Killed a two-headed ogre
 12231 | D:11     | Found a runed translucent gate.
 12231 | D:11     | Found a runed translucent gate.
 12231 | D:11     | Found a runed translucent gate.
 12232 | D:11     | Noticed Farlane's ghost (journeyman TrSh)
 12233 | D:11     | Noticed dakkaduck's ghost (journeyman MiBe)
 12278 | D:11     | Gained mutation: Your thick and shaggy fur keeps you warm.
                  | (AC +3, rC+) [Felid growth]
 12278 | D:11     | Reached XP level 12. HP: 56/56 MP: 19/29
 12326 | D:11     | Found a staircase to the Orcish Mines.
 12492 | D:11     | Identified the ring of Gianweh {AC+4 Dex+2}
 12806 | Lair:1   | Entered Level 1 of the Lair of Beasts
 12829 | Lair:1   | Reached skill level 6 in Dodging
 13316 | Lair:1   | Reached ***** piety under Elyvilon
 13339 | Lair:1   | You fall into a shaft and drop 1 floor!
 13402 | Lair:2   | Found a runed translucent door.
 13405 | Lair:2   | Noticed MirrMurr's ghost (journeyman DsBe)
 13649 | Lair:2   | Reached skill level 7 in Dodging
 14041 | Lair:1   | Reached skill level 5 in Fighting
 14963 | Lair:2   | Noticed a five-headed hydra
 14971 | Lair:2   | Killed a five-headed hydra
 15053 | Lair:2   | Noticed Fannar
 15351 | Lair:2   | Reached skill level 8 in Dodging
 15429 | Lair:2   | Killed Fannar
 16393 | Lair:3   | Reached XP level 13. HP: 50/65 MP: 16/31
 16393 | Lair:3   | Gained a life (2 lives remaining)
 16783 | Lair:3   | Found a staircase to the Shoals.
 16872 | Lair:3   | Reached skill level 9 in Dodging
 17027 | Lair:3   | Reached skill level 10 in Stealth
 17067 | Lair:3   | Found a hole to the Spider Nest.
 17583 | Lair:3   | Reached skill level 10 in Dodging
 18786 | Lair:3   | Reached ****** piety under Elyvilon
 18898 | Lair:4   | Learned a level 7 spell: Monstrous Menagerie
 18992 | Lair:4   | Found the +7 great mace "Undeadhunter" {deathbane, rN+}
 19129 | Lair:4   | Found a dark tunnel.
 19417 | Lair:4   | Reached XP level 14. HP: 66/74 MP: 6/33
 19942 | Lair:4   | Found a blossoming altar of Fedhas.
 20273 | Lair:5   | Entered Level 5 of the Lair of Beasts
 20397 | Lair:5   | Reached skill level 1 in Translocations
 21443 | Lair:5   | Reached skill level 5 in Translocations
 21701 | Lair:5   | Reached skill level 10 in Fighting
 22742 | Lair:5   | Found a viscous altar of Jiyva.
 22743 | Lair:5   | Found a staircase to the Slime Pits.
 23050 | Lair:5   | Reached skill level 11 in Dodging
 23479 | Orc:1    | Entered Level 1 of the Orcish Mines
 23561 | Orc:2    | Entered Level 2 of the Orcish Mines
 23966 | Orc:2    | Found Soluewek's Weapon Boutique.
 24432 | Orc:2    | Noticed Donald
 24468 | Orc:2    | Noticed Saint Roka
 24480 | Orc:2    | Elyvilon protects you from harm!
 24811 | Orc:2    | Killed Saint Roka
 24977 | Orc:2    | Killed Donald
 24978 | Orc:2    | Reached skill level 12 in Dodging
 25159 | Orc:2    | Reached XP level 15. HP: 68/83 MP: 10/34
 25820 | Orc:2    | Found Risirghe's Magic Scroll Shoppe.
 25820 | Orc:2    | Found Aveil's Book Boutique.
 25823 | Orc:2    | Reached skill level 13 in Dodging
 25937 | Orc:2    | Found Resho's Jewellery Shop.
 25937 | Orc:2    | Found Koeg's General Store.
 26137 | Orc:2    | Found a staircase to the Elven Halls.
 26272 | Orc:2    | Noticed Nessos
 26309 | Orc:2    | Killed Nessos
 26774 | Orc:2    | Reached skill level 14 in Dodging
 27241 | Lair:5   | Fell from the grace of Elyvilon
 27241 | Lair:5   | Became a worshipper of Jiyva Jutetaaw the Shapeless
 27641 | D:4      | Bought the Guide on Superposition and the Pyromaniac for
                  | 1458 gold pieces
 27647 | D:4      | Learned a level 5 spell: Summon Forest
 27912 | D:11     | Killed Farlane's ghost
 27916 | D:11     | Killed dakkaduck's ghost
 28785 | D:13     | Reached * piety under Jiyva
 28785 | D:13     | Found a gate to the Vaults.
 28811 | D:13     | HP: 3/84 [wolf spider zombie (12)]
 29238 | D:13     | Reached skill level 15 in Dodging
 29247 | D:13     | Reached skill level 10 in Translocations
 29934 | D:14     | Reached ** piety under Jiyva
 30230 | D:14     | Reached skill level 15 in Summonings
 30984 | D:15     | Entered Level 15 of the Dungeon
 31074 | D:15     | Reached XP level 16. HP: 79/88 MP: 5/35
 31315 | D:15     | Found a staircase to the Depths.
 31568 | D:15     | Reached *** piety under Jiyva
 32035 | Lair:2   | Killed MirrMurr's ghost
 32200 | Lair:4   | Learned a level 7 spell: Malign Gateway
 32276 | Spider:1 | Entered Level 1 of the Spider Nest
 32480 | Spider:1 | Gained mutation: Your muscles are strong. (Str +4, Int/Dex
                  | -1) [Jiyva's grace]
 32480 | Spider:1 | Gained mutation: Your muscles are very strong. (Str +8,
                  | Int/Dex -2) [Jiyva's grace]
 32480 | Spider:1 | Gained mutation: Your flesh is heat resistant. (rF+)
                  | [Jiyva's grace]
 32480 | Spider:1 | Gained mutation: Your flesh is very heat resistant. (rF++)
                  | [Jiyva's grace]
 32663 | Spider:1 | Reached skill level 16 in Dodging
 32894 | Spider:1 | Reached **** piety under Jiyva
 33625 | Spider:2 | Reached skill level 17 in Dodging
 34530 | Spider:2 | Noticed Mlioglotl
 34539 | Spider:2 | Killed Mlioglotl
 34738 | Spider:3 | Reached XP level 17. HP: 97/97 MP: 36/36
 34957 | Spider:3 | Found a transporter.
 34960 | Spider:3 | Noticed Cumomo's ghost (adept SpEn)
 34961 | Spider:3 | Found a transporter.
 34984 | Spider:3 | Lost mutation: Your muscles are very strong. (Str +8,
                  | Int/Dex -2) [Jiyva's grace]
 34984 | Spider:3 | Gained mutation: Your body has grown eyes which may confuse
                  | attackers. (Acc +3) [Jiyva's grace]
 34984 | Spider:3 | Gained mutation: Your body has grown many eyes which may
                  | confuse attackers. (Acc +5) [Jiyva's grace]
 34984 | Spider:3 | Gained mutation: Your body is covered in eyes which may
                  | confuse attackers. (Acc +7, SInv) [Jiyva's grace]
 34984 | Spider:3 | Gained mutation: Your mind is acute. (Int +4, Str/Dex -1)
                  | [Jiyva's grace]
 35276 | Spider:3 | Reached ***** piety under Jiyva
 35754 | Shoals:1 | Entered Level 1 of the Shoals
 35760 | Shoals:1 | Reached skill level 18 in Dodging
 35826 | Shoals:1 | Reached skill level 1 in Shapeshifting
 36142 | Shoals:1 | Identified the serpent talisman of Cowardice {Will+}
 36142 | Shoals:1 | Noticed Aizul
 36150 | Shoals:1 | Killed Aizul
 36915 | Shoals:2 | Reached skill level 15 in Fighting
 37029 | Shoals:2 | Reached skill level 19 in Dodging
 37141 | Shoals:2 | Reached skill level 5 in Shapeshifting
 37315 | Shoals:2 | Noticed a kraken
 37325 | Shoals:2 | Killed a kraken
 37389 | Shoals:2 | Found a large runed translucent door.
 37390 | Shoals:2 | Found a large runed translucent door.
 37391 | Shoals:2 | Noticed Witt's ghost (adept GrFi)
 37425 | Shoals:2 | Lost mutation: Your muscles are strong. (Str +4, Int/Dex
                  | -1) [Jiyva's grace]
 37425 | Shoals:2 | Gained mutation: Your rubbery body absorbs attacks. (AC +1,
                  | EV +1) [Jiyva's grace]
 37425 | Shoals:2 | Gained mutation: Your pliable body absorbs attacks. (AC +2,
                  | EV +2) [Jiyva's grace]
 37425 | Shoals:2 | Gained mutation: Your gelatinous body deflects attacks. (AC
                  | +3, EV +3) [Jiyva's grace]
 37425 | Shoals:2 | Gained mutation: Your flesh is almost immune to the effects
                  | of heat. (rF+++) [Jiyva's grace]
 37445 | Shoals:2 | Found Felofret's Assorted Antiques.
 37469 | Shoals:2 | Bought a potion of heal wounds for 170 gold pieces
 37469 | Shoals:2 | Bought a potion of curing for 102 gold pieces
 37793 | Shoals:3 | Found Keil's Weapon Shop.
 38135 | Shoals:3 | HP: 3/90 [faun/sling bullet[a satyr] (11)]
 38137 | Shoals:3 | Shot with an arrow by a satyr
 38137 | Shoals:3 | Lost a life (1 life remaining)
 38151 | Shoals:3 | Reached ****** piety under Jiyva
 38176 | Shoals:3 | Reached XP level 18. HP: 104/104 MP: 32/37
 38176 | Shoals:3 | Gained a life (2 lives remaining)
 38516 | Shoals:3 | Found Ytwairgh's Distillery.
 38520 | Shoals:3 | Bought a potion of curing for 45 gold pieces
 38520 | Shoals:3 | Bought a potion of invisibility for 120 gold pieces
 38766 | Shoals:4 | Entered Level 4 of the Shoals
 38935 | Shoals:4 | Found a glowing golden altar of the Shining One.
 38958 | Shoals:4 | Got the Codex of Hindering Arson
 39127 | Shoals:4 | Found a white marble altar of Elyvilon.
 39187 | Shoals:4 | Reached skill level 10 in Shapeshifting
 39190 | Shoals:4 | Reached skill level 1 in Unarmed Combat
 39365 | Shoals:4 | Got a barnacled rune of Zot
 39461 | Shoals:4 | Found a glowing silver altar of Zin.
 39772 | Spider:4 | Entered Level 4 of the Spider Nest
 39853 | Spider:4 | Lost mutation: Your flesh is almost immune to the effects
                  | of heat. (rF+++) [Jiyva's grace]
 39853 | Spider:4 | Lost mutation: Your flesh is very heat resistant. (rF++)
                  | [Jiyva's grace]
 39853 | Spider:4 | Lost mutation: Your gelatinous body deflects attacks. (AC
                  | +3, EV +3) [Jiyva's grace]
 39853 | Spider:4 | Gained mutation: Your melee attacks may engulf your foes in
                  | ooze. [Jiyva's grace]
 39853 | Spider:4 | Gained mutation: You are covered in slimy tendrils that may
                  | disarm your opponents. [Jiyva's grace]
 39853 | Spider:4 | Gained mutation: Armour fits poorly on your pseudopods.
                  | [Jiyva's grace]
 39853 | Spider:4 | Gained mutation: Armour fits poorly on your large
                  | pseudopods. [Jiyva's grace]
 39899 | Spider:4 | Reached skill level 5 in Unarmed Combat
 40238 | Spider:4 | Noticed Arachne
 40295 | Spider:4 | Killed Arachne
 40380 | Spider:4 | Found a glacial archway.
 40381 | Spider:4 | Noticed Asterion
 40383 | Spider:4 | Noticed Mara
 40389 | Spider:4 | Noticed MiscastMaster's illusion
 40533 | Spider:4 | Killed Mara
 40536 | Spider:4 | Killed Asterion
 40999 | Spider:4 | Got a gossamer rune of Zot
 41502 | Elf:1    | Entered Level 1 of the Elven Halls
 41655 | Elf:1    | Reached skill level 10 in Unarmed Combat
 41724 | Elf:1    | Reached XP level 19. HP: 108/108 MP: 33/38
 41741 | Elf:1    | Paralysed by an air elemental for 1 turns
 41872 | Elf:1    | Noticed Kirke
 41883 | Elf:1    | Killed Kirke
 41997 | Elf:1    | Paralysed by an air elemental for 1 turns
 42060 | Elf:1    | Noticed Azrael
 42067 | Elf:1    | Killed Azrael
 42273 | Elf:2    | Found Ythrih's Jewellery Shoppe.
 42803 | Elf:2    | Found a large runed translucent door.
 42803 | Elf:2    | Found a large runed translucent door.
 42847 | Elf:2    | Found a large runed translucent door.
 42847 | Elf:2    | Found a large runed translucent door.
 43276 | Elf:2    | Lost mutation: Your mind is acute. (Int +4, Str/Dex -1)
                  | [Jiyva's grace]
 43276 | Elf:2    | Lost mutation: Your flesh is heat resistant. (rF+) [Jiyva's
                  | grace]
 43276 | Elf:2    | Lost mutation: Your pliable body absorbs attacks. (AC +2,
                  | EV +2) [Jiyva's grace]
 43276 | Elf:2    | Lost mutation: Your melee attacks may engulf your foes in
                  | ooze. [Jiyva's grace]
 43276 | Elf:2    | Gained mutation: You are partially covered in iridescent
                  | scales. (AC +2) [Jiyva's grace]
 43276 | Elf:2    | Gained mutation: You are mostly covered in iridescent
                  | scales. (AC +4) [Jiyva's grace]
 43276 | Elf:2    | Gained mutation: You are completely covered in iridescent
                  | scales. (AC +6) [Jiyva's grace]
 43276 | Elf:2    | Gained mutation: You have acidic saliva. [Jiyva's grace]
 43720 | Elf:3    | Entered Level 3 of the Elven Halls
 44156 | Elf:3    | Reached skill level 15 in Spellcasting
 44189 | Elf:3    | Identified the ring "Qengeud" {rN+ Slay+4 SInv}
 44223 | Elf:3    | Noticed a Brimstone Fiend
 44308 | Elf:3    | Identified the amulet "Qeosidd" {rElec Regen+ MP+9}
 44317 | Elf:3    | Identified the staff of Capital Punishment {^Drain rN++
                  | SInv Conj Hexes}
 44319 | Elf:3    | Identified the staff of the Enchanted Forest {rN+ Summ
                  | Necro}
 44500 | Elf:3    | Reached XP level 20. HP: 114/114 MP: 22/40
 44512 | Elf:3    | Identified the +2 robe "Moiph" {-Tele rPois Str-5 Int+6}
 44512 | Elf:3    | Noticed Nikola
 44520 | Elf:3    | Killed Nikola
 44546 | Elf:3    | Found the +6 arbalest "Damnation" {damnation}
 45417 | Slime:1  | Entered Level 1 of the Pits of Slime
 45447 | Slime:5  | Entered Level 5 of the Pits of Slime
 45467 | Slime:5  | Noticed the Royal Jelly
 45476 | Slime:5  | Found a viscous altar of Jiyva.
 45485 | Slime:5  | Got a slimy rune of Zot
 45525 | Slime:5  | Identified the staff of Descent {rF+ rN+ Int+4 Stlth-
                  | Necro}
 46175 | Shoals:2 | Killed Witt's ghost
 46380 | Spider:3 | Killed Cumomo's ghost
 46931 | Vaults:1 | Entered Level 1 of the Vaults
 47046 | Vaults:1 | Reached skill level 5 in Conjurations
 47108 | Vaults:1 | Reached skill level 15 in Unarmed Combat
 47457 | Vaults:1 | Reached skill level 1 in Earth Magic
 47538 | Vaults:1 | Found Uhoerecisy's Armour Emporium.
 47952 | Vaults:2 | Lost mutation: You have acidic saliva. [Jiyva's grace]
 47952 | Vaults:2 | Lost mutation: Armour fits poorly on your large pseudopods.
                  | [Jiyva's grace]
 47952 | Vaults:2 | Gained mutation: Your translucent skin slightly reduces
                  | your foes' accuracy. (Stealth+) [Jiyva's grace]
 47952 | Vaults:2 | Gained mutation: Your translucent skin reduces your foes'
                  | accuracy. (Stealth+) [Jiyva's grace]
 47952 | Vaults:2 | Gained mutation: Your transparent skin significantly
                  | reduces your foes' accuracy. (Stealth+) [Jiyva's grace]
 47952 | Vaults:2 | Gained mutation: Your flesh is cold resistant. (rC+)
                  | [Jiyva's grace]
 47975 | Vaults:2 | Found Taut's Magic Scroll Boutique.
 48232 | Vaults:2 | Noticed Mennas
 48243 | Vaults:2 | Killed Mennas
 48478 | Vaults:2 | Reached XP level 21. HP: 107/119 MP: 42/42
 48968 | Vaults:2 | Found a staircase to the Crypt.
 48968 | Vaults:2 | Found an ancient bone altar of Kikubaaqudgha.
 48968 | Vaults:2 | Found a basalt altar of Yredelemnul.
 49277 | Vaults:3 | Found a magical portal.
 49298 | WizLab   | Entered Tukima's Studio
 49358 | WizLab   | Slain by a +0 heavy dire flail
 49358 | WizLab   | Lost a life (1 life remaining)
 49425 | WizLab   | Noticed MiscastMaster's illusion
 49563 | Vaults:3 | Lost mutation: Your body is covered in eyes which may
                  | confuse attackers. (Acc +7, SInv) [Jiyva's grace]
 49563 | Vaults:3 | Lost mutation: Your body has grown many eyes which may
                  | confuse attackers. (Acc +5) [Jiyva's grace]
 49563 | Vaults:3 | Lost mutation: Your rubbery body absorbs attacks. (AC +1,
                  | EV +1) [Jiyva's grace]
 49563 | Vaults:3 | Lost mutation: Armour fits poorly on your pseudopods.
                  | [Jiyva's grace]
 49563 | Vaults:3 | Gained mutation: You expend magic power (3 MP) to
                  | strengthen your wands. [Jiyva's grace]
 49563 | Vaults:3 | Gained mutation: You are strong-willed. (Will+) [Jiyva's
                  | grace]
 49563 | Vaults:3 | Gained mutation: You are highly strong-willed. (Will++)
                  | [Jiyva's grace]
 49563 | Vaults:3 | Gained mutation: You are extremely strong-willed. (Will+++)
                  | [Jiyva's grace]
 49644 | Vaults:3 | Noticed Margery
 49826 | Vaults:3 | Killed Margery
 50615 | Vaults:3 | Learned a level 7 spell: Spellforged Servitor
 50627 | Vaults:3 | Learned a level 6 spell: Bombard
 50746 | Vaults:4 | Reached skill level 10 in Conjurations
 51078 | Vaults:4 | Noticed Bai Suzhen
 51091 | Vaults:4 | Killed Bai Suzhen
 51100 | Vaults:4 | Noticed Xtahua
 51114 | Vaults:4 | Killed Xtahua
 51403 | Vaults:4 | Reached XP level 22. HP: 122/124 MP: 42/43
 51403 | Vaults:4 | Gained a life (2 lives remaining)
 51806 | Vaults:4 | Lost mutation: You are completely covered in iridescent
                  | scales. (AC +6) [Jiyva's grace]
 51806 | Vaults:4 | Lost mutation: You are extremely strong-willed. (Will+++)
                  | [Jiyva's grace]
 51806 | Vaults:4 | Lost mutation: You are covered in slimy tendrils that may
                  | disarm your opponents. [Jiyva's grace]
 51806 | Vaults:4 | Gained mutation: Your muscles are strong. (Str +4, Int/Dex
                  | -1) [Jiyva's grace]
 51806 | Vaults:4 | Gained mutation: Your muscles are very strong. (Str +8,
                  | Int/Dex -2) [Jiyva's grace]
 51806 | Vaults:4 | Gained mutation: Your rubbery body absorbs attacks. (AC +1,
                  | EV +1) [Jiyva's grace]
 51806 | Vaults:4 | Gained mutation: Your pliable body absorbs attacks. (AC +2,
                  | EV +2) [Jiyva's grace]
 52263 | Depths:1 | Entered Level 1 of the Depths
 52905 | D:15     | Reached skill level 20 in Dodging
 53065 | Depths:1 | Found a radiant altar of Vehumet.
 53081 | Depths:1 | Found a one-way gate to the infinite horrors of the Abyss.
 53101 | Depths:1 | Found Pam Xiro's Book Emporium.
 53227 | Depths:1 | Identified the +2 short sword "Lazurem" {drain, Fly rC-
                  | Stlth+}
 53329 | Depths:1 | Got the Tome of Electrocution and Wildfire
 53330 | Depths:1 | Identified the +0 chain mail "Kovukhle" {*Corrode rF+++
                  | Will-}
 53416 | Depths:1 | Found a one-way gate leading to the halls of Pandemonium.
 53420 | Depths:1 | Found a gateway to Hell.
 53694 | Depths:2 | Found a runed translucent door.
 53763 | Depths:2 | Identified the ring "Azazi" {rF- rN+++ MP+9 Dex-4 SInv}
 53783 | Depths:2 | Noticed a juggernaut
 53809 | Depths:2 | Noticed a golden dragon
 53817 | Depths:2 | Killed a juggernaut
 53818 | Depths:2 | Reached skill level 21 in Dodging
 53826 | Depths:2 | Killed a golden dragon
 53972 | Depths:2 | Found an ornate altar of the Wu Jian Council.
 54065 | Depths:2 | Identified the +4 great sword "Ox" {freeze, ^Contam rPois
                  | rC++ Will+}
 54106 | Depths:2 | Reached XP level 23. HP: 94/133 MP: 34/44
 54206 | Depths:2 | Found a blossoming altar of Fedhas.
 54229 | Depths:2 | You fall into a shaft and drop 2 floors!
 54229 | Depths:4 | Entered Level 4 of the Depths
 54242 | Depths:4 | Found a one-way gateway to a ziggurat.
 54257 | Depths:4 | Reached skill level 22 in Dodging
 54483 | Depths:4 | Noticed a juggernaut
 54496 | Depths:4 | Killed a juggernaut
 54599 | Depths:4 | Found a gate to the Realm of Zot.
 54644 | Depths:4 | Found Joriol's Distillery.
 54702 | Depths:4 | Bought a potion of heal wounds for 110 gold pieces
 54886 | Depths:4 | Killed from afar by a white draconian stormcaller
 54886 | Depths:4 | Lost a life (1 life remaining)
 55254 | Depths:3 | Lost mutation: You are mostly covered in iridescent scales.
                  | (AC +4) [Jiyva's grace]
 55254 | Depths:3 | Lost mutation: Your muscles are very strong. (Str +8,
                  | Int/Dex -2) [Jiyva's grace]
 55254 | Depths:3 | Lost mutation: You expend magic power (3 MP) to strengthen
                  | your wands. [Jiyva's grace]
 55254 | Depths:3 | Gained mutation: You are mostly covered in iridescent
                  | scales. (AC +4) [Jiyva's grace]
 55254 | Depths:3 | Gained mutation: You are completely covered in iridescent
                  | scales. (AC +6) [Jiyva's grace]
 55254 | Depths:3 | Gained mutation: Your flesh is heat resistant. (rF+)
                  | [Jiyva's grace]
 55254 | Depths:3 | Gained mutation: Your flesh is very heat resistant. (rF++)
                  | [Jiyva's grace]
 55292 | Depths:3 | Noticed a juggernaut
 55353 | Depths:3 | Killed a juggernaut
 55895 | Depths:2 | Found a broken altar of Ashenzari.
 55895 | Depths:2 | Found an ornate altar of the Wu Jian Council.
 55912 | Depths:2 | Found a broken altar of Ashenzari.
 55950 | Depths:2 | Noticed a caustic shrike
 55955 | Depths:2 | Killed a caustic shrike
 56064 | Depths:2 | Identified the ring "Senuppimm" {EV+5 Int+6 SInv}
 56626 | Depths:2 | Reached XP level 24. HP: 79/130 MP: 44/44
 56626 | Depths:2 | Gained a life (2 lives remaining)
 57073 | Depths:3 | Reached skill level 23 in Dodging
 57718 | Crypt:1  | Entered Level 1 of the Crypt
 57863 | Crypt:1  | Lost mutation: Your muscles are strong. (Str +4, Int/Dex
                  | -1) [Jiyva's grace]
 57863 | Crypt:1  | Lost mutation: Your body has grown eyes which may confuse
                  | attackers. (Acc +3) [Jiyva's grace]
 57863 | Crypt:1  | Lost mutation: Your pliable body absorbs attacks. (AC +2,
                  | EV +2) [Jiyva's grace]
 57863 | Crypt:1  | Gained mutation: Armour fits poorly on your pseudopods.
                  | [Jiyva's grace]
 57863 | Crypt:1  | Gained mutation: Armour fits poorly on your large
                  | pseudopods. [Jiyva's grace]
 57863 | Crypt:1  | Gained mutation: Armour fits poorly on your massive
                  | pseudopods. [Jiyva's grace]
 57863 | Crypt:1  | Gained mutation: Your mind is acute. (Int +4, Str/Dex -1)
                  | [Jiyva's grace]
 57991 | Crypt:1  | Noticed Khufu
 57996 | Crypt:1  | Noticed a royal mummy
 57997 | Crypt:1  | Noticed a royal mummy
 57999 | Crypt:1  | Noticed a royal mummy
 58158 | Crypt:1  | Noticed Jory
 58180 | Crypt:1  | Killed Jory
 58335 | Crypt:1  | Killed Khufu
 58355 | Crypt:1  | Identified the ring "Inazauha" {Ice rPois}
 58355 | Crypt:1  | Noticed Josephina
 58373 | Crypt:1  | Killed Josephina
 58608 | Crypt:1  | Killed a royal mummy
 58657 | Crypt:1  | Killed a royal mummy
 58657 | Crypt:1  | Killed a royal mummy
 58658 | Crypt:1  | Killed a royal mummy
 59587 | Crypt:3  | Entered Level 3 of the Crypt
 59811 | Crypt:3  | Found a staircase to the Tomb.
 59897 | Crypt:3  | Found an ancient bone altar of Kikubaaqudgha.
 60125 | Crypt:3  | Noticed Grunn
 60136 | Crypt:3  | HP: 7/140 [Grunn/+7 glaive of draining (14)]
 60237 | Crypt:3  | Killed Grunn
 60536 | Crypt:3  | Reached skill level 15 in Shapeshifting
 60604 | Crypt:3  | Identified the +2 quarterstaff of the Known World {drain,
                  | Str+7 Dex+4}
 60604 | Crypt:3  | Noticed a royal mummy
 60656 | Crypt:3  | Identified the +1 scimitar "Emeude" {heavy, Int+3}
 60657 | Crypt:3  | Killed a royal mummy
 60852 | Crypt:3  | Got the Precepts of Exhumation
 61447 | Vaults:5 | Entered Level 5 of the Vaults
 61449 | Vaults:5 | Lost mutation: You are completely covered in iridescent
                  | scales. (AC +6) [Jiyva's grace]
 61449 | Vaults:5 | Lost mutation: Your flesh is very heat resistant. (rF++)
                  | [Jiyva's grace]
 61449 | Vaults:5 | Lost mutation: Armour fits poorly on your massive
                  | pseudopods. [Jiyva's grace]
 61449 | Vaults:5 | Gained mutation: Armour fits poorly on your massive
                  | pseudopods. [Jiyva's grace]
 61449 | Vaults:5 | Gained mutation: You are robust. (+10% HP) [Jiyva's grace]
 61449 | Vaults:5 | Gained mutation: You are very robust. (+20% HP) [Jiyva's
                  | grace]
 61449 | Vaults:5 | Gained mutation: You are extremely robust. (+30% HP)
                  | [Jiyva's grace]
 61451 | Vaults:5 | Noticed Boris
 61463 | Vaults:5 | Killed Boris
 61464 | Vaults:5 | Reached XP level 25. HP: 156/187 MP: 31/45
 61710 | Vaults:5 | Noticed a dread lich
 61739 | Vaults:5 | Killed a dread lich
 61811 | Vaults:5 | Got the Catalogue of Sandy Stolen Souls
 62274 | Vaults:5 | Noticed an ancient lich
 62284 | Vaults:5 | Killed an ancient lich
 62323 | Vaults:5 | Found Pives's Antique Weapon Shop.
 62428 | Vaults:5 | Got a silver rune of Zot
 62782 | Vaults:5 | Found Gipludwe's Distillery.
 62825 | Vaults:5 | Bought a potion of heal wounds for 120 gold pieces
 62825 | Vaults:5 | Bought a potion of heal wounds for 120 gold pieces
 62825 | Vaults:5 | Bought 2 potions of curing for 144 gold pieces
 62825 | Vaults:5 | Bought a potion of curing for 72 gold pieces
 62840 | Vaults:5 | Found Ylur's Distillery.
 62845 | Vaults:5 | Bought a potion of heal wounds for 85 gold pieces
 62845 | Vaults:5 | Bought a potion of curing for 51 gold pieces
 62966 | Vaults:5 | Found Ethiddagi's Magic Scroll Shop.
 62985 | Vaults:5 | Found Rushrudeo's Magic Scroll Shop.
 62990 | Vaults:5 | Bought a scroll of blinking for 105 gold pieces
 63013 | Vaults:5 | Found Huurph's Magic Scroll Boutique.
 63018 | Vaults:5 | Bought a scroll of blinking for 157 gold pieces
 63256 | Depths:4 | Bought a potion of haste for 220 gold pieces
 63256 | Depths:4 | Bought a potion of experience for 1100 gold pieces
 63256 | Depths:4 | Bought a potion of might for 88 gold pieces
 63256 | Depths:4 | Bought a potion of curing for 66 gold pieces
 63278 | Zot:1    | Entered Level 1 of the Realm of Zot
 63372 | Zot:1    | Reached skill level 24 in Dodging
 64344 | Zot:1    | Reached XP level 26. HP: 174/197 MP: 39/45
 64446 | Zot:2    | Lost mutation: You are mostly covered in iridescent scales.
                  | (AC +4) [Jiyva's grace]
 64446 | Zot:2    | Lost mutation: Your flesh is cold resistant. (rC+) [Jiyva's
                  | grace]
 64446 | Zot:2    | Lost mutation: You are extremely robust. (+30% HP) [Jiyva's
                  | grace]
 64446 | Zot:2    | Lost mutation: Armour fits poorly on your massive
                  | pseudopods. [Jiyva's grace]
 64446 | Zot:2    | Lost mutation: Your transparent skin significantly reduces
                  | your foes' accuracy. (Stealth+) [Jiyva's grace]
 64446 | Zot:2    | Gained mutation: You are agile. (Dex +4, Str/Int -1)
                  | [Jiyva's grace]
 64446 | Zot:2    | Gained mutation: You are very agile. (Dex +8, Str/Int -2)
                  | [Jiyva's grace]
 64446 | Zot:2    | Gained mutation: You are mostly covered in iridescent
                  | scales. (AC +4) [Jiyva's grace]
 64446 | Zot:2    | Gained mutation: You are completely covered in iridescent
                  | scales. (AC +6) [Jiyva's grace]
 65098 | Zot:2    | Reached skill level 25 in Dodging
 65438 | Zot:2    | Identified the maw talisman "Hetsurhe" {rC- Int+6 Dex+3}
 66080 | Zot:3    | Noticed an orb of fire
 66087 | Zot:3    | Gained mutation: Your spells are a little easier to cast,
                  | but a little less powerful. [an orb of fire]
 66091 | Zot:3    | Killed an orb of fire
 66397 | Zot:3    | Found a shimmering blue altar of Sif Muna.
 66415 | Zot:3    | Found a shimmering blue altar of Sif Muna.
 66642 | Zot:3    | Lost mutation: You are completely covered in iridescent
                  | scales. (AC +6) [Jiyva's grace]
 66642 | Zot:3    | Lost mutation: You are mostly covered in iridescent scales.
                  | (AC +4) [Jiyva's grace]
 66642 | Zot:3    | Lost mutation: You are very agile. (Dex +8, Str/Int -2)
                  | [Jiyva's grace]
 66642 | Zot:3    | Lost mutation: You are agile. (Dex +4, Str/Int -1) [Jiyva's
                  | grace]
 66642 | Zot:3    | Lost mutation: You are highly strong-willed. (Will++)
                  | [Jiyva's grace]
 66642 | Zot:3    | Lost mutation: You are very robust. (+20% HP) [Jiyva's
                  | grace]
 66642 | Zot:3    | Lost mutation: Armour fits poorly on your large pseudopods.
                  | [Jiyva's grace]
 66642 | Zot:3    | Lost mutation: Your spells are a little easier to cast, but
                  | a little less powerful. [Jiyva's grace]
 66642 | Zot:3    | Gained mutation: You have a pair of small horns on your
                  | head. [Jiyva's grace]
 66642 | Zot:3    | Gained mutation: You have a pair of horns on your head.
                  | [Jiyva's grace]
 66642 | Zot:3    | Gained mutation: You have a pair of large horns on your
                  | head. [Jiyva's grace]
 66642 | Zot:3    | Gained mutation: You are somewhat resistant to further
                  | mutation. [Jiyva's grace]
 67036 | Zot:4    | Slain by a green draconian monk
 67036 | Zot:4    | Lost a life (1 life remaining)
 67349 | Zot:4    | Reached XP level 27. HP: 174/174 MP: 42/45
 67349 | Zot:4    | Gained a life (2 lives remaining)
 67521 | Zot:4    | Found a glowing golden altar of the Shining One.
 67529 | Zot:4    | Found a snail-covered altar of Cheibriados.
 67628 | Zot:5    | Entered Level 5 of the Realm of Zot
 68046 | Zot:5    | Found Leojao's Changing Room.
 68220 | Zot:5    | Bought a storm talisman for 1120 gold pieces
 68293 | Zot:5    | Noticed an ancient lich
 68295 | Zot:5    | Noticed an ancient lich
 68295 | Zot:5    | Noticed a dread lich
 68296 | Zot:5    | Killed an ancient lich
 68299 | Zot:5    | Noticed an ancient lich
 68302 | Zot:5    | Noticed a dread lich
 68304 | Zot:5    | Noticed an ancient lich
 68304 | Zot:5    | Noticed a dread lich
 68304 | Zot:5    | Noticed an orb of fire
 68306 | Zot:5    | Noticed an orb of fire
 68308 | Zot:5    | Killed a dread lich
 68366 | Zot:5    | Noticed an ancient lich
 68366 | Zot:5    | Noticed an ancient lich
 68367 | Zot:5    | Noticed an ancient lich
 68379 | Zot:4    | Killed an ancient lich
 68410 | Zot:5    | Noticed an ancient lich
 68410 | Zot:5    | Identified the +1 great sword of the Skies Above {pain,
                  | rPois Will+}
 68410 | Zot:5    | Noticed a dread lich
 68476 | Zot:4    | Killed a dread lich
 68502 | Zot:4    | Killed a dread lich
 68584 | Zot:5    | Killed a dread lich
 68592 | Zot:5    | Killed an ancient lich
 68596 | Zot:5    | Killed an orb of fire
 68611 | Zot:4    | Killed an ancient lich
 68674 | Zot:5    | Killed an ancient lich
 68721 | Zot:5    | Killed an ancient lich
 68724 | Zot:5    | Killed an ancient lich
 68727 | Zot:5    | Killed an orb of fire
 68883 | Zot:5    | Killed an ancient lich
 69636 | Zot:5    | Got the Orb of Zot
 69916 | Depths:3 | Noticed Raudargh the pandemonium lord
 70040 | D:11     | Noticed Plog the pandemonium lord
 70095 | D:8      | Noticed Daqesoji the pandemonium lord
 70365 | D:$      | Escaped with the Orb!

Illustrated notes

Levels and vault maps discovered:
D:1:      mrwooster_arrival_arrow, layout_basic
D:2:      layout_basic, hangedman_abyss_or_decor_stabs, uniq_jessica
D:3:      layout_rooms, lemuel_doored_altar, serial_corexii_hall,
          corexii_hall_statues_u, corexii_hall_statues_i
D:4:      layout_gridville, nicolae_shop_i_like_big_books, uniq_eustachio
D:5:      layout_cave_pools, kennysheep_mini_moat, minmay_statues_item,
          skrybe_limestone_x, uniq_blork_the_orc
D:6:      layout_basic, nicolae_ashenzari_skybound, minmay_temple_entry_ruins
D:7:      layout_loops_corners, serial_shops, shop, shop, shop, uniq_joseph
D:8:      layout_gridville, lair_entry_dummy, enter_bailey_6, st_stairs_10
D:9:      layout_loops_ring, uniq_pikel
D:10:     layout_big_octagon, mainiacjoe_overflow_cross_hatched,
          wad_rectangle_vault, uniq_urug, uniq_psyche
D:11:     minmay_statue_hallways, layout_cave_pools, gammafunk_ghost_cemetery,
          serial_shops, shop
D:12:     layout_rooms
D:13:     layout_irregular_city, lightli_vaults_fourway_checkpoint,
          serial_undead, serial_undead_f, serial_undead_b, serial_undead_a,
          serial_undead_c
D:14:     layout_loops_corners, kennysheep_boxes
D:15:     grunt_enter_depths_giant_problem, layout_rooms, billiards_dpeg
Temple:   nicolae_temple_two_arcs
Lair:1:   lemuel_slime, layout_layer_cave, infiniplex_staircase_pool_2,
          grunt_megastairs_2
Lair:2:   layout_roguey, hellmonk_ghost_happy_afterlife,
          infiniplex_staircase_pool, lemuel_fruit_fields, uniq_fannar
Lair:3:   nzn_winding_woodlands_three_and_one
          [nzn_winding_woodlands_5x15_jagged,
          nzn_winding_woodlands_5x15_crooked,
          nzn_winding_woodlands_5x15_sidewinder,
          nzn_winding_woodlands_center_garden], layout_misc_corridors,
          elwin_shoals_entry_rocks, nicolae_spider_entry_lesser_pyramids
Lair:4:   layout_roguey, nicolae_volcano_entry_hallway, tgw_fedhas,
          serial_bayou_shore_b
Lair:5:   minmay_lair_end_enchanted_forest, layout_gridlike, slime_entry_1
Shoals:1: layout_shoals, nicolae_shoals_secluded_bog, uniq_aizul
Shoals:2: cheibrodos_shoals_oceanic_diplomacy, layout_shoals,
          ebering_ghost_disaster_area, serial_shops,
          nicolae_shop_temple_entry_statues_fountains
Shoals:3: cheibrodos_shoals_baths, layout_shoals, serial_shops,
          nicolae_shop_bloodbath_and_beyond, nicolae_shop_back_alley_shop
Shoals:4: shoals_end_hellmonk_holy_island
Spider:1: layout_cave_pods, nicolae_spider_twisty_arc_passages
Spider:2: layout_cave_pods, uniq_mlioglotl
Spider:3: layout_spider_delve, gammafunk_ghost_arena
Spider:4: grunt_spider_rune_circles, portal_ice_cave_entry_ice_statue_two,
          guppyfry_hornet_nest, uniq_asterion, uniq_arachne, uniq_mara
Slime:1:  layout_caves, basic_altar
Slime:2:  layout_caves
Slime:3:  cheibrodos_slime_lost_civilization_9, layout_caves,
          nicolae_slime_getting_an_eyeful
Slime:4:  layout_caves
Slime:5:  slime_pit_nicolae_amoeboid
Orc:1:    layout_caves
Orc:2:    st_orc_ogre_mass, layout_caves, basic_altar, serial_shops,
          nicolae_square_shop, special_room, bh_open_orc_temple, uniq_donald,
          uniq_nessos, uniq_saint_roka
Elf:1:    eino_elf_arrival_the_gate, layout_geoelf_octagon,
          nicolae_elf_crossing_hall, uniq_azrael, uniq_kirke
Elf:2:    elven_hall_of_blades_hangedman_alternative
          [nicolae_blade_entry_splitting_headache], layout_loops_corners,
          serial_shops, nicolae_shop_hallway_stairs
Elf:3:    grunt_elf_hall_branching, layout_gridlike, amethyst_killhole,
          uniq_nikola
Vaults:1: v_pattern_3, grunt_vaults_twisty, vaults_dpeg_hooks,
          nicolae_vaults_variable_pillar_hall, grunt_vaults_funnel,
          nicolae_vaults_twisting_passages, nicolae_vaults_trapezoid_1,
          nicolae_vaults_yaktaur_gun_rack, vaults_room_semicircle,
          nicolae_vaults_turnstiles, layout_vaults_maze_snakey, serial_shops,
          nicolae_shop_competitors_out_of_business
Vaults:2: v_pattern_4, serial_library_hellmonk_open_cross,
          minmay_crypt_entry_necro_gods, nicolae_vaults_mini_display_case,
          nicolae_vaults_double_plus_3, vaults_mumra_minichess_inversion,
          nicolae_vaults_closet_pinwheel_4, vaults_room_fours,
          vaults_room_fours, layout_vaults_chaotic_city, serial_shops,
          nicolae_shop_stone, uniq_mennas
Vaults:3: lightli_enter_wizlab_magi_temple, nicolae_vaults_circle_grid_b,
          nicolae_vaults_cornered_office, vaults_room_corners, st_lines,
          nicolae_vaults_sesquioval_fish, vaults_room_corners,
          ontoclasm_vaults_eye, hangedman_vaults_stitches, nicolae_vaults_theta,
          vaults_dpeg_encased_lava, vaults_room_hallway,
          layout_vaults_big_cross, uniq_margery
Vaults:4: ontoclasm_vaults_hangar, hangedman_vaults_cutoff, v_misc_4, v_misc_28,
          v_misc_24, nicolae_vaults_stepped_doors, nicolae_vaults_halls_meeting,
          nicolae_vaults_specimen_jars, vaults_room_fours,
          layout_vaults_omnigrid, uniq_bai_suzhen, uniq_xtahua
Vaults:5: uniq_boris
Crypt:1:  layout_gridlike, serial_library_hellmonk_open_square, uniq_josephina,
          uniq_jory, uniq_khufu
Crypt:2:  layout_basic
Crypt:3:  church_of_pain_bobbens, layout_chaotic_city, uniq_grunn
Depths:1: minmay_complete_graph, layout_cave_shapes, rand_demon_pan_entry_9,
          nicolae_vehumet_altar_sigil, abyss_entry_crystal, serial_shops, shop,
          hell_entry, minmay_checkered_concentric_circles
Depths:2: minmay_the_grid_ultimate [minmay_the_grid_prize_inner_circle,
          minmay_the_grid_prize_big_room, minmay_the_grid_prize_diamond_cup,
          minmay_the_grid_prize_trominoes, minmay_the_grid_square_5x5_hourglass,
          minmay_the_grid_square_5x5_corner, minmay_the_grid_square_5x5_eight,
          minmay_the_grid_square_5x5_misaligned, minmay_the_grid_square_5x5_meh,
          minmay_the_grid_square_5x5_checkered_statues,
          minmay_the_grid_square_5x5_lines,
          minmay_the_grid_square_5x5_hollow_slash,
          minmay_the_grid_square_5x5_empty,
          minmay_the_grid_square_5x5_fancy_junction,
          minmay_the_grid_square_5x5_minimal,
          minmay_the_grid_square_5x5_percent,
          minmay_the_grid_square_5x5_shuriken,
          minmay_the_grid_square_5x5_inverted_slash,
          minmay_the_grid_square_5x5_one_wall,
          minmay_the_grid_triangle_9x9_swiss_cheese,
          minmay_the_grid_triangle_9x9_warning,
          minmay_the_grid_triangle_9x9_shrine,
          minmay_the_grid_triangle_9x9_corruption,
          minmay_the_grid_triangle_9x9_intruding_spiral,
          minmay_the_grid_triangle_9x9_sparse_checkered,
          minmay_the_grid_triangle_9x9_limited_checkers,
          minmay_the_grid_triangle_9x9_corrupted_corridor,
          minmay_the_grid_triangle_9x9_descending_squares,
          minmay_the_grid_triangle_9x9_zippers_vertical,
          minmay_the_grid_triangle_9x9_cache,
          minmay_the_grid_triangle_9x9_steps,
          minmay_the_grid_triangle_9x9_subtriangle,
          minmay_the_grid_triangle_9x9_zippers_horizontal,
          minmay_the_grid_triangle_9x9_pentomino_pain,
          minmay_the_grid_triangle_9x9_thin_v, minmay_the_grid_square_5x5_six,
          minmay_the_grid_octo_concentric, minmay_the_grid_octo_toaster,
          minmay_the_grid_octo_fat_diamond, minmay_the_grid_octo_clover,
          minmay_the_grid_octo_odd_swirl, minmay_the_grid_octo_tetromino_candy,
          minmay_the_grid_octo_shrine, minmay_the_grid_octo_empty,
          minmay_the_grid_gridbox, minmay_the_grid_artifice,
          minmay_the_grid_holed_spiral, minmay_the_grid_small_cups], hell_entry,
          pan_entry
Depths:3: minmay_dotted_concentric_squares, layout_cave_pools,
          minmay_misc_feat_tiny, hell_entry,
          nicolae_abyss_entry_one_way_or_another,
          nicolae_houndstooth_variations, minmay_staircase_bubble
Depths:4: grunt_x_marks_the_spot, layout_cave_pools, enter_ziggurat_f,
          hell_entry, minmay_shop_grid_forest, kilobyte_mutagenic_chamber,
          serial_bayou_shore_b
Zot:1:    layout_concentric_octagons, st_stairs_4, regret_index_zotdec_dark_gr,
          grunt_megastairs_3
Zot:2:    grunt_zot_stairs_faceoff, layout_basic, regret_index_zotdec_bone_old,
          regret_index_zot_stipple_split, st_stairs_1
Zot:3:    layout_basic, regret_index_zotdec_magical_s, st_small_dragon_hoard_4,
          hangedman_elemental_corridor
Zot:4:    layout_misc_corridors, regret_index_zotdec_gossamer_parallel,
          regret_index_zotdec_stipple_waver
Zot:5:    layout_gridlike, grunt_ministairs_11, st_stairs_7,
          nicolae_transmutations_shop

Skill      XL: |  1  2  3  4  5  6  7  8  9 10 11 12 13 14 15 16 17 18 19 20 21 22 23 24 25 26 27 |
---------------+----------------------------------------------------------------------------------+-----
Conjurations   | 4 8 10 | 10.0
Spellcasting   | 3 4 5 6 7 8 10 12 13 14 15 16 17 | 17.0
Fighting       | 1 2 3 6 8 11 12 14 15 16 17 18 19 20 21 | 21.1
Dodging        | 3 4 5 8 10 12 15 17 19 21 22 23 24 25 | 25.3
Stealth        | 3 4 6 9 10 | 10.0
Summonings     | 3 6 8 10 11 12 13 14 15 16 18 | 18.0
Hexes          | 8 |  8.0
Translocations | 8 11 12 | 12.0
Shapeshifting  | 7 10 11 15 16 19 22 | 22.3
Unarmed Combat | 10 12 16 19 20 21 22 | 22.6
Earth Magic    | 3 4 |  4.0

Action                     |  1- 3 |  4- 6 |  7- 9 | 10-12 | 13-15 | 16-18 | 19-21 | 22-24 | 25-27 || total
---------------------------+-------+-------+-------+-------+-------+-------+-------+-------+-------++-------
  Melee: Unarmed           |       |     2 |    10 |    38 |   118 |   242 |   684 |   858 |   967 ||  2919
         Bite              |       |       |     2 |     7 |    27 |    26 |   134 |   170 |   197 ||   563
         Punch             |       |       |       |     3 |     1 |     4 |   110 |   174 |   243 ||   535
         Constrict         |       |       |       |       |       |    23 |       |       |       ||    23
         Pseudopods        |       |       |       |       |       |     6 |   208 |    64 |   345 ||   623
         Maw               |       |       |       |       |       |       |    51 |   395 |   392 ||   838
         Headbutt          |       |       |       |       |       |       |       |       |    80 ||    80
   Cast: Magic Dart        |    69 |    92 |   243 |   181 |   189 |       |       |       |       ||   774
         Summon Ice Beast  |       |       |    46 |    79 |   106 |    32 |     7 |     2 |     1 ||   273
         Summon Mana Viper |       |       |     8 |    86 |   146 |    78 |    66 |    60 |    29 ||   473
         Monstrous Menager |       |       |       |       |   123 |   312 |   248 |   257 |   179 ||  1119
         Summon Forest     |       |       |       |       |     9 |    59 |    59 |    74 |    58 ||   259
         Malign Gateway    |       |       |       |       |       |    15 |    15 |    22 |    22 ||    74
         Spellforged Servi |       |       |       |       |       |       |    11 |    95 |    60 ||   166
Ability: Blinkbolt         |       |       |       |       |       |       |       |       |     1 ||     1
  Evoke: Wand              |       |     8 |    28 |    14 |    24 |     1 |       |       |     5 ||    80
         Phial of floods   |       |       |       |       |     1 |     1 |       |       |       ||     2
    Use: Scroll            |       |       |     5 |    18 |     3 |     6 |     4 |     9 |     7 ||    52
         Potion            |       |       |       |       |     5 |     5 |       |    16 |    11 ||    37
   Stab: Invisible         |       |       |     1 |     1 |     2 |       |       |     2 |       ||     6
         Distracted        |       |       |       |       |     3 |    12 |    33 |    51 |    72 ||   171
         Paralysed         |       |       |       |       |       |     4 |     1 |     2 |     1 ||     8
         Confused          |       |       |       |       |       |     4 |    28 |     6 |     5 ||    43
         Held in net/web   |       |       |       |       |       |     1 |       |       |       ||     1
         Sleeping          |       |       |       |       |       |       |     2 |     2 |     2 ||     6
 Armour: Skin              |       |     9 |    39 |    47 |   106 |   203 |   253 |   382 |   316 ||  1355
  Dodge: Dodged            |     2 |    15 |    95 |   213 |   461 |   641 |  1070 |  1484 |  1410 ||  5391
         Form:             |       |       |       |       |       |     2 |       |       |       ||     2
         Serpent           |       |       |       |       |       |     2 |       |       |       ||     2
         Maw               |       |       |       |       |       |       |     1 |       |     2 ||     3
         Storm             |       |       |       |       |       |       |       |       |     2 ||     2
